 Dungeon Crawl Stone Soup version 0.32-a0-131-g9dbbe29261 (webtiles) character file.

Game seed: 8347241136321159799

2 Esekla the Sneak (level 1, 0/16 HPs)
             Began as an Octopode Delver on Feb 8, 2024.
             Killed from afar by a white imp (9 damage)
             ... with a puff of frost
             ... on level 5 of the Dungeon.
             The game lasted 00:01:59 (122 turns).

Esekla the Sneak (Octopode Delver)                   Turns: 122, Time: 00:01:59

Health: 0/16       AC:  1    Str: 11    XL:     1   Next: 30%
Magic:  1/1        EV: 13    Int: 12    God:
Gold:   24         SH:  0    Dex: 13    Spells: 0/0 levels left

rFire   . . .        a - +0 falchion
rCold   . . .        (no shield)
rNeg    . . .        (helmet restricted)
rPois   .            (no amulet)
rElec   .            (no ring)
rCorr   .            (no ring)
SInv    .            (no ring)
Will    .....        (no ring)
Stlth   ++++         (no ring)
HPRegen 0.22/turn    (no ring)
MPRegen 0.07/turn    (no ring)
                     (no ring)

%: no passive effects
@: no status effects
A: almost no armour, amphibious, 8 rings, camouflage 1, gelatinous body 1,
(nimble swimmer 1), tentacles
a: no special abilities


You were on level 5 of the Dungeon.
You visited 1 branch of the dungeon, and saw 1 of its levels.

You collected 24 gold pieces.

Inventory:

Hand Weapons
 a - a +0 falchion (weapon)
Wands
 f - a wand of digging (3)
Scrolls
 b - a scroll of fog
Potions
 e - a potion of haste


   Skills:
 * Level 3.0 Fighting
 + Level 2.0 Long Blades
 * Level 2.0 Dodging
 + Level 6.6 Stealth


You couldn't memorise any spells.
You didn't know any spells.
Your spell library was empty.

Dungeon Overview and Level Annotations

Branches:
Dungeon (5/15)             Temple (0/1) D:5

Altars:

Annotations:
D:5 1 runed translucent door, Crazy Yiuf


Innate Abilities, Weirdness & Mutations

You cannot wear most types of armour.
You are amphibious.
You can wear up to eight rings at the same time.
Your skin changes colour to match your surroundings (Stealth+).
Your rubbery body absorbs attacks. (AC +1, EV +1)
((You are camouflaged when in or above water. (Stealth+)))
You have tentacles for arms and can constrict up to eight enemies at once.


Message History

An orc comes into view. It is wielding a +0 flail.
Found 13 gold pieces and a chain mail.
The helpless orc fails to defend itself.
You hit the orc. Your grab misses the orc.
The orc is moderately wounded.
The orc misses you.
You closely miss the orc. You grab the orc. You squeeze the orc.
You kill the orc!
Things that are here:
a +0 flail; a +0 chain mail; an orc corpse
Found a metallic ruby potion.
You now have 21 gold pieces (gained 10).
You now have 24 gold pieces (gained 3).
Things that are here:
a +0 flail; a +0 chain mail; an orc corpse You start resting.
HP restored.
Things that are here:
a +0 flail; a +0 chain mail; an orc corpse
Found a hammer.
Found a runed translucent door.
Press: ? - help, v - describe, . - travel
Here: Crazy Yiuf, wielding a +4 quarterstaff of chaos and wearing a +0 cloak (asleep, fire blocked by a runed translucent door)
The floor.
Unknown command.
Things that are here:
a +0 flail; a +0 chain mail; an orc corpse The white imp gestures at you.
The puff of frost hits you!
Ouch! That really hurt!
You completely miss the white imp. You grab the white imp.
You squeeze the white imp.
The white imp is lightly wounded.
You constrict the white imp. The white imp barely misses you.
You hit the white imp but do no damage. You tentacle-slap the white imp.
The white imp is heavily wounded.
You constrict the white imp. The white imp gestures at you.
The puff of frost hits you!
Ouch! That really hurt!
You die...

** ,*** ,,,*
,*,**********
,*,,,,,,,,,,#########
,*,,,,,,<,,,#.......#
,*,,,,,,,...#......^#
**,,,,,***#....5@...##
,+,,,*** ##.!.####).##
,***,* ##.,* ##..#
,,,*,* *#,** ##.##
,,,+,*** **,,,** #...#
,,,*,,,* **,....#
##..## ,#####,*
*,...?.# #....#
,+...+,* *,.....#
♣....♣ ##...###
*,.....# ♣...♣♣


You could see a white imp.

Vanquished Creatures
  An orc (D:5)
1 creature vanquished.

Notes
Turn   | Place    | Note
-------+----------+-------------------------------------------
     0 | D:5      | Esekla the Octopode Delver began the quest for the Orb.
     0 | D:5      | Reached XP level 1. HP: 16/16 MP: 1/1
   106 | D:5      | Found a runed translucent door.
   107 | D:5      | Noticed Crazy Yiuf
   122 | D:5      | Killed from afar by a white imp

Illustrated notes

Levels and vault maps discovered:
D:5:      nicolae_cairo_tiling_large, layout_rooms,
          mainiacjoe_overflow_alcove_4, minmay_temple_entry_hall,
          uniq_blork_the_orc, uniq_crazy_yiuf_cottage, uniq_eustachio,
          uniq_sigmund

Action                     || total
---------------------------++-------
  Melee: Falchion          ||     4
         Constrict         ||     2
         Tentacles         ||     2
         Punch             ||     1
    Use: Scroll            ||     2
   Stab: Sleeping          ||     1
 Armour: Skin              ||     4
  Dodge: Dodged            ||     2

Table legend: (Time is in decaauts)
 A = Elapsed time spent in this place.
 B = Non-inter-level travel time spent in this place.
 C = Inter-level travel time spent in this place.
 D = Time resting spent in this place.
 E = Time spent auto-exploring this place.
 F = Levels seen in this place.
 G = Mean time per level.
                   A        B        C        D        E       F      G
               +--------+--------+--------+--------+--------+-----+--------+
         Total |    122 |    122 |      0 |     25 |      0 |   1 |  122.0 |
       Dungeon |    122 |    122 |      0 |     25 |      0 |   1 |  122.0 |
               +--------+--------+--------+--------+--------+-----+--------+

Top non-repeatable levels by time:
     D:5: 122 daAuts
